[Event "ICC tourney 3232 (40 10)"]
[Site "Internet Chess Club"]
[Date "2023.07.08"]
[Round "4"]
[White "Yang, Daniel:danielbest"]
[Black "QUIRKE, JEFFREY L:PawnEatingZombi"]
[Result "0-1"]
[ICCResult "White checkmated"]
[WhiteElo "1997"]
[BlackElo "2180"]
[Opening "QGD: exchange, positional line, 5...c6"]
[ECO "D35"]
[NIC "QO.16"]
[Time "17:45:18"]
[PlyCount "82"]
[TimeControl "2400+10"]

1. d4 d5 2. c4 e6 3. Nc3 Nf6 4. cxd5 exd5 5. Bg5 c6 6. e3 Be6 7. Bd3 Nbd7 8.
Nge2 h6 9. Bh4 g5 10. Bg3 Nh5 11. Qc2 Nxg3 12. hxg3 Qf6 13. f3 O-O-O 14.
O-O-O Kb8 15. e4 Nb6 16. e5 Qg7 17. f4 gxf4 18. gxf4 Bg4 19. Kb1 f6 20. Rde1
c5 21. dxc5 Bxc5 22. Ng3 fxe5 23. fxe5 Bd4 24. e6 Rc8 25. e7 Bxc3 26. bxc3
Rhe8 27. Qd2 Ka8 28. Rxh6 Na4 29. Rc1 Nxc3+ 30. Rxc3 Rxc3 31. Rg6 Qd4 32.
Rd6 Qb4+ 33. Ka1 Qxd6 34. Qxc3 Qxg3 35. Qa5 Qe5+ 36. Kb1 Qxe7 37. Qxd5 Qe1+
38. Kc2 Rc8+ 39. Bc4 Be6 40. Qd6 Rxc4+ 41. Kb3 Qc3# {White checkmated} 0-1

[Event "ICC tourney 3232 (40 10)"]
[Site "Internet Chess Club"]
[Date "2023.07.08"]
[Round "4"]
[White "OPASKA, MICHAEL:mopaska1106"]
[Black "WU, JAYDEN:SparkyNinja"]
[Result "1-0"]
[ICCResult "Black checkmated"]
[WhiteElo "2032"]
[BlackElo "2047"]
[Opening "Nimzo-Indian: 4.e3 O-O, 5.Bd3"]
[ECO "E47"]
[NIC "NI.07"]
[Time "17:46:09"]
[PlyCount "121"]
[TimeControl "2400+10"]

1. d4 Nf6 2. c4 e6 3. Nc3 Bb4 4. e3 O-O 5. Bd3 c5 6. Nf3 Nc6 7. O-O Bxc3 8.
bxc3 d6 9. e4 e5 10. d5 Ne7 11. Nh4 Ng6 12. Nf5 Re8 13. Qf3 Bxf5 14. Qxf5
Qd7 15. Qxd7 Nxd7 16. g3 Ne7 17. a4 Rf8 18. Rb1 b6 19. Bd2 f5 20. exf5 Nxf5
21. f4 Ne7 22. Rbe1 Rae8 23. Rf2 Ng6 24. f5 Ne7 25. g4 g6 26. Bh6 Rf7 27.
fxg6 Nxg6 28. Bf5 Ndf8 29. Ref1 Kh8 30. Bxg6 Rxf2 31. Bxe8 Rxf1+ 32. Kxf1
Kg8 33. Kf2 Ng6 34. Bxg6 hxg6 35. Kf3 Kh7 36. Bg5 Kg7 37. Ke4 Kf7 38. h4 Ke8
39. h5 gxh5 40. gxh5 Kf7 41. h6 Kg6 42. Be7 Kxh6 43. Bxd6 Kg6 44. Kxe5 Kf7
45. Bb8 Ke8 46. Bxa7 b5 47. cxb5 Kd7 48. d6 c4 49. Kd5 Kc8 50. Kc6 Kd8 51.
d7 Ke7 52. Bc5+ Ke6 53. d8=Q Ke5 54. Qe7+ Kf4 55. Kd5 Kf3 56. Qf6+ Ke2 57.
Kd4 Ke1 58. Ke3 Kd1 59. Qf2 Kc1 60. Ba3+ Kb1 61. Qb2# {Black checkmated} 1-0

[Event "ICC tourney 3232 (40 10)"]
[Site "Internet Chess Club"]
[Date "2023.07.08"]
[Round "4"]
[White "Meng, Joshua:jmichess"]
[Black "TANG, ZOEY:WonderZ"]
[Result "0-1"]
[ICCResult "White resigns"]
[WhiteElo "1993"]
[BlackElo "2278"]
[Opening "Sicilian: closed"]
[ECO "B23"]
[NIC "SI.44"]
[Time "17:45:13"]
[PlyCount "86"]
[TimeControl "2400+10"]

1. e4 c5 2. Nc3 a6 3. Nge2 b5 4. g3 Bb7 5. Bg2 e6 6. O-O Nf6 7. d3 d5 8. e5
Nfd7 9. f4 Be7 10. d4 Nc6 11. Be3 O-O 12. Kh1 Rc8 13. f5 b4 14. Nb1 cxd4 15.
Nxd4 Nxd4 16. Bxd4 exf5 17. Rxf5 Bc5 18. c3 Qb6 19. Rf4 bxc3 20. bxc3 Bxd4
21. cxd4 Qb2 22. Nd2 Rc2 23. Qg1 Rxd2 24. Rb1 Rxg2 25. Rxb2 Rxg1+ 26. Kxg1
Bc6 27. Rc2 Bb5 28. Rc7 h5 29. g4 hxg4 30. Rxg4 Rb8 31. h4 Nf8 32. Rc2 Bd7
33. Rgg2 Ne6 34. Rg4 Rb1+ 35. Kg2 Rd1 36. Rb2 Nxd4 37. Rf4 Be6 38. Rb6 Bf5
39. Rxa6 Rd2+ 40. Kf1 Bd3+ 41. Ke1 Re2+ 42. Kd1 Bxa6 43. Rxd4 Rxe5
{White resigns}
0-1

[Event "ICC tourney 3232 (40 10)"]
[Site "Internet Chess Club"]
[Date "2023.07.08"]
[Round "4"]
[White "KOEHL, EVAN:MacAndSneeze"]
[Black "WU, WILLIAM:chessw23"]
[Result "0-1"]
[ICCResult "White resigns"]
[WhiteElo "2031"]
[BlackElo "2161"]
[Opening "Scotch: Potter variation"]
[ECO "C45"]
[NIC "SO.05"]
[Time "17:45:14"]
[PlyCount "124"]
[TimeControl "2400+10"]

1. e4 e5 2. Nf3 Nc6 3. d4 exd4 4. Nxd4 Bc5 5. Nb3 Bb6 6. Nc3 Nf6 7. Bg5 h6
8. Bh4 g5 9. Bg3 d6 10. Qd2 Be6 11. f3 Qe7 12. O-O-O O-O-O 13. Kb1 d5 14.
exd5 Nxd5 15. Nxd5 Rxd5 16. Bd3 Nb4 17. Qc3 Rhd8 18. Nc1 Nxd3 19. Rxd3 Rxd3
20. Nxd3 Qd7 21. Re1 Qd5 22. Nc1 Ba5 23. Qe5 Qxe5 24. Rxe5 Bb6 25. h4 Rd1
26. Re1 Rd2 27. Re2 Rxe2 28. Nxe2 Bc4 29. Nc3 Bf1 30. hxg5 hxg5 31. Ne4 Be3
32. Be5 f5 33. Ng3 Bxg2 34. Nxf5 Bd2 35. Nd4 c5 36. Ne6 Bxf3 37. Nxc5 Be3
38. Nd3 Be4 39. Bg3 Bxd3 40. cxd3 Kd7 41. Kc2 Ke6 42. Kd1 Bd4 43. b3 Kf5 44.
Ke2 Kg4 45. Bb8 Kh3 46. Kf3 g4+ 47. Ke4 Bb6 48. d4 g3 49. Bxg3 Kxg3 50. b4
Kf2 51. a4 Ke2 52. a5 Bd8 53. d5 Kd2 54. Kd4 Be7 55. Kc4 a6 56. d6 Bxd6 57.
b5 Bc7 58. b6 Bh2 59. Kd5 Kc3 60. Ke6 Kb4 61. Kd7 Kxa5 62. Kc8 Kxb6
{White resigns}
0-1

[Event "ICC tourney 3232 (40 10)"]
[Site "Internet Chess Club"]
[Date "2023.07.08"]
[Round "4"]
[White "Vittal, Sanjana:MCTS13"]
[Black "DARINI, POURIA:Fighterman"]
[Result "1/2-1/2"]
[ICCResult "Game drawn by mutual agreement"]
[WhiteElo "2164"]
[BlackElo "2462"]
[Opening "Sicilian: closed, 2...Nc6"]
[ECO "B23"]
[NIC "SI.44"]
[Time "17:45:29"]
[PlyCount "114"]
[TimeControl "2400+10"]

1. e4 c5 2. Nc3 Nc6 3. Bb5 Nd4 4. Nf3 a6 5. Bd3 g6 6. O-O Bg7 7. Nxd4 cxd4
8. Ne2 Nh6 9. c3 dxc3 10. dxc3 O-O 11. Nd4 d6 12. h3 Kh8 13. Be3 Bd7 14. a4
f5 15. exf5 Nxf5 16. Nxf5 Bxf5 17. a5 Qd7 18. Bxf5 Rxf5 19. Bd4 Raf8 20.
Bxg7+ Kxg7 21. Qd4+ Kg8 22. b4 Rf4 23. Qd5+ e6 24. Qd3 d5 25. Rad1 Qc6 26.
Qe3 Re4 27. Qg3 Rc8 28. Rd3 Qc7 29. Qg5 Qf4 30. Qe7 Qf7 31. Qg5 Qf4 32. Qe7
Qc7 33. Qg5 Kg7 34. Rf3 Qd8 35. Qd2 Rcc4 36. Re1 h6 37. Rfe3 Qg5 38. Qd3
Rxe3 39. Rxe3 Qf6 40. Qe2 Kf7 41. Qd2 g5 42. Qd3 Kg7 43. Qe2 Kf7 44. Qd3 Kg7
45. Qe2 Kf7 46. Qd3 Qg7 47. Qe2 Rc6 48. Qd3 Rc4 49. Qe2 Rc6 50. Qd3 Kg8 51.
Qe2 Qg6 52. Qd1 Qf6 53. Qe2 Qf5 54. Qd1 Qf6 55. Qe2 Qf5 56. Qd1 Rc4 57. Qh5
Kg7 {Game drawn by mutual agreement} 1/2-1/2

[Event "ICC tourney 3232 (40 10)"]
[Site "Internet Chess Club"]
[Date "2023.07.08"]
[Round "4"]
[White "LOCHAM, DIVJOT SINGH:winner08"]
[Black "HANKE, HARVEY:ThinkingPanda"]
[Result "1-0"]
[ICCResult "Black checkmated"]
[WhiteElo "1868"]
[BlackElo "2026"]
[Opening "Scotch: Potter variation"]
[ECO "C45"]
[NIC "SO.05"]
[Time "17:46:09"]
[PlyCount "107"]
[TimeControl "2400+10"]

1. e4 e5 2. Nf3 Nc6 3. d4 exd4 4. Nxd4 Bc5 5. Nb3 Bb6 6. Nc3 Nf6 7. Qe2 O-O
8. Bg5 Nd4 9. Nxd4 Bxd4 10. O-O-O Bxc3 11. bxc3 Qe7 12. e5 Re8 13. Bxf6 gxf6
14. Qg4+ Kh8 15. exf6 Qxf6 16. Bd3 d6 17. Qa4 Be6 18. Qe4 Qg7 19. Rhe1 d5
20. Qh4 Rg8 21. Re5 Raf8 22. Rde1 Bc8 23. R1e3 f5 24. Re7 Rf7 25. Rxf7 Qxf7
26. Re7 Qg6 27. Qd4+ Rg7 28. Rxc7 Be6 29. Rxb7 Bf7 30. Qxa7 Qh6+ 31. Kb2 Qe6
32. Qd4 h5 33. a4 Kh7 34. a5 Rg4 35. f4 Rxg2 36. a6 Rg8 37. a7 Ra8 38. Rb8
Rxa7 39. Qxa7 d4 40. c4 Kg6 41. Rb6 Qxb6+ 42. Qxb6+ Kg7 43. c5 Bd5 44. Qc7+
Kf6 45. Qe5+ Kf7 46. Qxd5+ Ke7 47. c6 Ke8 48. Qd7+ Kf8 49. Qxf5+ Kg8 50.
Bc4+ Kg7 51. Qg5+ Kf8 52. Qf6+ Ke8 53. Qf7+ Kd8 54. Qd7# {Black checkmated}
1-0

[Event "ICC tourney 3232 (40 10)"]
[Site "Internet Chess Club"]
[Date "2023.07.08"]
[Round "5"]
[White "POWER, SEAN K:KnightHopper"]
[Black "WU, WILLIAM:chessw23"]
[Result "0-1"]
[ICCResult "White resigns"]
[WhiteElo "1944"]
[BlackElo "2161"]
[Opening "Scotch game"]
[ECO "C45"]
[NIC "SO.05"]
[Time "20:00:08"]
[PlyCount "54"]
[TimeControl "2400+10"]

1. e4 e5 2. Nf3 Nc6 3. d4 exd4 4. Nxd4 Bc5 5. Be3 Qf6 6. c3 Nge7 7. Bc4 O-O
8. O-O Ne5 9. Be2 d6 10. f4 N5c6 11. Qd2 h6 12. Nb5 Bxe3+ 13. Qxe3 Bd7 14.
Nxc7 Rac8 15. Nb5 a6 16. Nd4 Nxd4 17. cxd4 d5 18. e5 Qb6 19. Qd2 Bb5 20.
Bxb5 axb5 21. f5 Rc4 22. Rf4 Nxf5 23. Rxf5 Rxd4 24. Qe3 Rd1+ 25. Kf2 Rf1+
26. Kxf1 Qxe3 27. Rf3 Qc1+ {White resigns} 0-1

[Event "ICC tourney 3232 (40 10)"]
[Site "Internet Chess Club"]
[Date "2023.07.08"]
[Round "5"]
[White "CHEN, RYO WENYU:e4f5"]
[Black "Belous, Vladimir:Openyagami"]
[Result "1-0"]
[ICCResult "Black resigns"]
[WhiteElo "2288"]
[BlackElo "2599"]
[Opening "Sicilian: Labourdonnais-Löwenthal (Kalashnikov) variation"]
[ECO "B32"]
[NIC "SI.32"]
[Time "20:00:57"]
[PlyCount "55"]
[TimeControl "2400+10"]

1. e4 c5 2. Nf3 Nc6 3. d4 cxd4 4. Nxd4 e5 5. Nb5 d6 6. N1c3 a6 7. Na3 b5 8.
Nd5 Nge7 9. Bd3 Nxd5 10. exd5 Nd4 11. c3 Nf5 12. c4 g6 13. cxb5 Bg7 14. O-O
O-O 15. Bd2 e4 16. Bxe4 Bxb2 17. Nc4 Bxa1 18. Qxa1 Re8 19. Bxf5 Bxf5 20. Ba5
Qe7 21. Re1 Qg5 22. Bd2 Rxe1+ 23. Qxe1 Qg4 24. Nxd6 axb5 25. Ne8 Ra6 26. Qe5
Qd1+ 27. Be1 Kf8 28. d6 {Black resigns} 1-0

[Event "ICC tourney 3232 (40 10)"]
[Site "Internet Chess Club"]
[Date "2023.07.08"]
[Round "5"]
[White "MARKOVIC, GORAN:Goran21"]
[Black "LOCHAM, DIVJOT SINGH:winner08"]
[Result "0-1"]
[ICCResult "White resigns"]
[WhiteElo "2049"]
[BlackElo "1868"]
[Opening "Ruy Lopez: closed, Flohr-Zaitsev system (Lenzerheide variation)"]
[ECO "C92"]
[NIC "RL.26"]
[Time "20:01:02"]
[PlyCount "118"]
[TimeControl "2400+10"]

1. e4 e5 2. Nf3 Nc6 3. Bb5 a6 4. Ba4 Nf6 5. O-O Be7 6. Re1 b5 7. Bb3 d6 8.
c3 O-O 9. h3 Bb7 10. d4 Re8 11. Nbd2 Bf8 12. Bc2 Nb8 13. dxe5 dxe5 14. Qe2
Nbd7 15. Nf1 g6 16. Ng3 Bg7 17. Be3 Qe7 18. a4 Bc6 19. a5 Nc5 20. Nd2 Rad8
21. Red1 Nfd7 22. b4 Ne6 23. Qf1 Rf8 24. Nf3 Bb7 25. Bb3 c5 26. Bd5 Ba8 27.
bxc5 Bxd5 28. exd5 Nexc5 29. c4 bxc4 30. Qxc4 Rc8 31. Rac1 e4 32. Nd4 Bxd4
33. Bxd4 f5 34. d6+ Qe6 35. Bxc5 Qxc4 36. Rxc4 Rxc5 37. Rxc5 Nxc5 38. Ne2
Nd3 39. Nc1 Nxc1 40. Rxc1 Kf7 41. Rc6 Ke6 42. Rxa6 Rb8 43. f3 e3 44. Kf1 f4
45. d7+ Kxd7 46. Rf6 g5 47. Rf5 h6 48. a6 Rb1+ 49. Ke2 Ra1 50. Rf6 Ra2+ 51.
Ke1 Ra1+ 52. Ke2 Ra2+ 53. Kd3 e2 54. Rf7+ Ke6 55. Rf8 Ke7 56. a7 Kxf8 57.
a8=Q+ Rxa8 58. Kxe2 Ra2+ 59. Kf1 Ke7 {White resigns} 0-1

[Event "ICC tourney 3232 (40 10)"]
[Site "Internet Chess Club"]
[Date "2023.07.08"]
[Round "5"]
[White "POTHURI, ABHIRAM SAI:chessasp"]
[Black "Meng, Joshua:jmichess"]
[Result "0-1"]
[ICCResult "White checkmated"]
[WhiteElo "2079"]
[BlackElo "1993"]
[Opening "Sicilian: Nimzovich-Rossolimo attack (with ...g6, without ...d6)"]
[ECO "B31"]
[NIC "SI.31"]
[Time "20:00:33"]
[PlyCount "100"]
[TimeControl "2400+10"]

1. e4 c5 2. Nf3 Nc6 3. Bb5 g6 4. O-O Bg7 5. c3 Nf6 6. Re1 O-O 7. d4 cxd4 8.
cxd4 d5 9. e5 Ne4 10. Nc3 Nxc3 11. bxc3 Na5 12. Bg5 a6 13. Bd3 Be6 14. Qd2
Rc8 15. Bh6 b5 16. Rac1 Bg4 17. Bxg7 Kxg7 18. Qf4 Bxf3 19. Qxf3 e6 20. Qh3
Qg5 21. Rf1 Qf4 22. g4 Nc4 23. Bxc4 Rxc4 24. Rce1 Rfc8 25. Re3 b4 26. Rf3
Rxc3 27. Rxf4 Rxh3 28. Rb1 a5 29. f3 Rc2 30. g5 Rhxh2 31. a3 Rcg2+ 32. Kf1
Rxg5 33. Rb3 Rgg2 34. axb4 Ra2 35. Kg1 Rhc2 36. Rb1 axb4 37. Rg4 b3 38. f4
b2 39. Rg2 Rc1+ 40. Kh2 Rxb1 41. f5 exf5 42. e6 fxe6 43. Rc2 Rh1+ 44. Kg3
b1=Q 45. Kf4 Qxc2 46. Ke5 Re1+ 47. Kd6 Ra6+ 48. Kd7 Qc6+ 49. Kd8 Ra8+ 50.
Ke7 Re8# {White checkmated} 0-1

[Event "ICC tourney 3232 (40 10)"]
[Site "Internet Chess Club"]
[Date "2023.07.08"]
[Round "5"]
[White "QUIRKE, JEFFREY L:PawnEatingZombi"]
[Black "YUAN, SERENA:doudou2011"]
[Result "1/2-1/2"]
[ICCResult "Game drawn by repetition"]
[WhiteElo "2180"]
[BlackElo "1885"]
[Opening "QGD: exchange, positional line, 5...c6"]
[ECO "D35"]
[NIC "QO.16"]
[Time "20:00:09"]
[PlyCount "83"]
[TimeControl "2400+10"]

1. d4 d5 2. c4 e6 3. Nc3 Nf6 4. cxd5 exd5 5. Bg5 c6 6. e3 Be7 7. Bd3 O-O 8.
Qc2 Nbd7 9. Nge2 Re8 10. f3 Nf8 11. O-O g6 12. Bh4 Ne6 13. Kh1 b5 14. Bf2 b4
15. Na4 Qc7 16. Rac1 Bb7 17. e4 dxe4 18. fxe4 Ng4 19. Bg1 Bg5 20. d5 Nf4 21.
dxc6 Nxd3 22. cxb7 Ndf2+ 23. Rxf2 Nxf2+ 24. Bxf2 Qxb7 25. Nc5 Qc7 26. Rf1
Be7 27. Qc4 Rac8 28. Rc1 Bxc5 29. Qxc5 Qxc5 30. Rxc5 Rxc5 31. Bxc5 Rxe4 32.
Ng1 a5 33. a3 Rc4 34. axb4 axb4 35. Bd6 f6 36. h3 Kf7 37. Nf3 Ke6 38. Bf8
Kf7 39. Bd6 Ke6 40. Bf8 Kf7 41. Bd6 Ke6 42. Bf8 {Game drawn by repetition}
1/2-1/2

[Event "ICC tourney 3232 (40 10)"]
[Site "Internet Chess Club"]
[Date "2023.07.08"]
[Round "5"]
[White "HANKE, HARVEY:ThinkingPanda"]
[Black "KOEHL, EVAN:MacAndSneeze"]
[Result "0-1"]
[ICCResult "White checkmated"]
[WhiteElo "2026"]
[BlackElo "2031"]
[Opening "Caro-Kann: Tartakower (fantasy) variation"]
[ECO "B12"]
[NIC "CK.02"]
[Time "20:00:04"]
[PlyCount "78"]
[TimeControl "2400+10"]

1. e4 c6 2. d4 d5 3. f3 Qb6 4. Nc3 e6 5. Nge2 Nf6 6. Rb1 dxe4 7. fxe4 Nbd7
8. Bg5 e5 9. Be3 Ng4 10. Bg1 Qa5 11. h3 Ngf6 12. Qd2 Bd6 13. d5 cxd5 14.
exd5 Nb6 15. Bxb6 Qxb6 16. Ng3 O-O 17. Bd3 Bb4 18. Bc4 Rd8 19. Rd1 Bd7 20.
a3 Bc5 21. Na4 Bxa4 22. b3 Bb5 23. Bxb5 Qxb5 24. b4 Rxd5 25. Qxd5 Nxd5 26.
Rxd5 Bf2+ 27. Kxf2 Qxd5 28. Re1 g6 29. Re2 f5 30. Kg1 e4 31. Nf1 Qd4+ 32.
Kh1 Rc8 33. Kh2 Qc3 34. Re3 Qa1 35. Nd2 Rxc2 36. Nb3 Qb2 37. Nc5 Rxg2+ 38.
Kh1 Rh2+ 39. Kg1 Qg2# {White checkmated} 0-1

[Event "ICC tourney 3232 (40 10)"]
[Site "Internet Chess Club"]
[Date "2023.07.08"]
[Round "5"]
[White "BOYLIN, JOHN:Jupiter2008"]
[Black "Cao, Frank Zhongtian:FrankCao"]
[Result "1/2-1/2"]
[ICCResult "Game drawn by mutual agreement"]
[WhiteElo "2036"]
[BlackElo "1791"]
[Opening "QGD semi-Slav: Stoltz variation"]
[ECO "D45"]
[NIC "SL.08"]
[Time "20:00:07"]
[PlyCount "89"]
[TimeControl "2400+10"]

1. d4 d5 2. c4 e6 3. Nc3 c6 4. e3 Nf6 5. Nf3 Nbd7 6. Qc2 Bd6 7. Bd3 dxc4 8.
Bxc4 b5 9. Be2 Bb7 10. O-O O-O 11. e4 e5 12. Rd1 exd4 13. Nxd4 Qc7 14. g3 b4
15. Nf5 Be5 16. Nb1 c5 17. f4 Bxe4 18. Bd3 Bxf5 19. Bxf5 Bd6 20. Qd3 Be7 21.
Bxh7+ Nxh7 22. Qxd7 Qxd7 23. Rxd7 Rfd8 24. Rxe7 Rd1+ 25. Kf2 Rxc1 26. Re1
Rxe1 27. Kxe1 Rd8 28. Nd2 Nf6 29. Rc1 Rd5 30. Ke2 Kf8 31. Nc4 Ne4 32. Ne3
Rh5 33. h4 Nxg3+ 34. Kf3 Nf5 35. Kg4 g6 36. Nxf5 Rxf5 37. a3 a5 38. Kf3 Ke7
39. Ke4 Ke6 40. axb4 axb4 41. Ra1 Rh5 42. Ra6+ Ke7 43. Ra7+ Ke6 44. Ra6+ Ke7
45. Ra7+ {Game drawn by mutual agreement} 1/2-1/2

[Event "ICC tourney 3232 (40 10)"]
[Site "Internet Chess Club"]
[Date "2023.07.08"]
[Round "5"]
[White "TANG, ZOEY:WonderZ"]
[Black "Vittal, Sanjana:MCTS13"]
[Result "1-0"]
[ICCResult "Black resigns"]
[WhiteElo "2278"]
[BlackElo "2164"]
[Opening "QGD: 3.Nc3"]
[ECO "D31"]
[NIC "QP.08"]
[Time "20:00:13"]
[PlyCount "121"]
[TimeControl "2400+10"]

1. d4 d5 2. c4 e6 3. Nc3 Bb4 4. Qa4+ Nc6 5. e3 Nf6 6. Bd2 O-O 7. Nf3 a6 8.
Qc2 dxc4 9. Bxc4 Bd6 10. a3 e5 11. dxe5 Nxe5 12. Nxe5 Bxe5 13. f4 Bd6 14.
O-O b5 15. Be2 Bb7 16. Bf3 Bxf3 17. Rxf3 Re8 18. e4 Bc5+ 19. Kh1 Ng4 20. h3
Nf2+ 21. Kh2 Bd4 22. Be1 Bxc3 23. Bxf2 Bf6 24. Rd1 Qc8 25. e5 Be7 26. Rc1
Qe6 27. Re1 c5 28. Bxc5 Rac8 29. Rc3 Bxc5 30. Rxc5 Rxc5 31. Qxc5 Rc8 32. Qe3
g6 33. Rd1 Qf5 34. Rd6 Rc4 35. Rf6 Qc8 36. e6 fxe6 37. Rxe6 Qc5 38. Qxc5
Rxc5 39. Rxa6 Rc2 40. b4 Rc3 41. Ra5 Kg7 42. g4 Kf6 43. Rxb5 Rxa3 44. Rb6+
Kg7 45. Rb7+ Kg8 46. Kg2 Rb3 47. b5 Rb4 48. Kg3 Rb3+ 49. Kh4 h6 50. f5 Rf3
51. fxg6 Rb3 52. g7 Kh7 53. b6 Kg8 54. Kh5 Kh7 55. g8=Q+ Kxg8 56. Kg6 Kf8
57. Rb8+ Ke7 58. b7 Rb6+ 59. Kh5 Rb3 60. Rh8 Kf7 61. Kh4 {Black resigns} 1-0